 Dungeon Crawl Stone Soup version 0.28-a0-533-g9f97627e2a (webtiles) character file.

Game seed: 2777933733790061040

19733 jbcfe the Geomancer (level 12, -10/108 HPs)
             Began as a Gargoyle Earth Elementalist on Sept 25, 2021.
             Was a Priest of Vehumet.
             Mangled by Rupert the yellow draconian (20 damage)
             ... on level 12 of the Dungeon.
             The game lasted 00:39:48 (17730 turns).

jbcfe the Geomancer (Gargoyle Earth Elementalist)  Turns: 17730, Time: 00:39:49

Health: -10/108    AC: 16    Str: 11    XL:     12   Next: 72%
Magic:  2/24       EV: 13    Int: 20    God:    Vehumet [***...]
Gold:   513        SH:  0    Dex: 10    Spells: 23/27 levels left

rFire   . . .      SeeInvis +   F - +0 rapier (venom)
rCold   + . .      Faith    .   (no shield)
rNeg    + + .      Spirit   .   v - +2 robe {rN+}
rPois   ∞          Reflect  .   (no helmet)
rElec   +          Harm     .   (no cloak)
rCorr   .          Rampage  .   C - +0 pair of gloves
Will    .....                   (no boots)
Stlth   ..........              m - amulet of the acrobat
HPRegen 0.28/turn               E - ring of protection from cold
MPRegen 0.19/turn               D - ring of see invisible

@: berserking, very quick
A: sickness immunity, AC +8, negative energy resistance 1, electricity
resistance, torment resistance 1, petrification resistance, iridescent scales 1,
weak 1, sturdy frame 1
a: Renounce Religion


You were on level 12 of the Dungeon.
You worshipped Vehumet.
Vehumet was most pleased with you.
You visited 2 branches of the dungeon, and saw 13 of its levels.

You collected 611 gold pieces.
You spent 98 gold pieces at shops.

Inventory:

Hand Weapons
 b - a +5 mace
 e - a +0 flail
 j - a +1 short sword of freezing
 A - a +3 dire flail
 F - a +0 rapier of venom (weapon)
Missiles
 c - 125 stones
Armour
 v - a +2 robe of positive energy (worn)
 C - a +0 pair of gloves (worn)
Jewellery
 m - an amulet of the acrobat (around neck)
 q - an amulet of reflection
 D - a ring of see invisible (right hand)
 E - a ring of protection from cold (left hand)
Wands
 l - a wand of flame (43)
 t - a wand of polymorph (2)
 u - a wand of digging (3)
Scrolls
 f - 7 scrolls of teleportation
 o - 2 scrolls of fog
 y - 2 scrolls of magic mapping
 z - a scroll of fear
 B - a scroll of amnesia
 I - a scroll of immolation
Potions
 d - 2 potions of attraction
 h - a potion of lignification
 i - a potion of flight
 k - 7 potions of curing
 n - a potion of ambrosia
 r - a potion of haste
 w - a potion of might {unknown}
 G - a potion of degeneration {unknown}


   Skills:
 + Level 7.6 Fighting
 + Level 7.0 Maces & Flails
 - Level 6.0 Armour
 + Level 6.0 Dodging
 - Level 2.1 Stealth
 + Level 8.1 Spellcasting
 + Level 8.8 Conjurations
 - Level 0.7 Transmutations
 + Level 10.7 Earth Magic
 + Level 6.2 Evocations


You had 23 spell levels left.
You knew the following spells:

 Your Spells              Type           Power      Damage    Failure   Level
a - Sandblast             Erth           100%       2d20      1%          1
b - Stone Arrow           Conj/Erth      94%        3d12      1%          3

Your spell library contained the following spells:

 Spells                   Type           Power      Damage    Failure   Level
 Mephitic Cloud           Conj/Pois/Air  19%        N/A       2%          3
 Passwall                 Tmut/Erth      25%        N/A       1%          2
 Dazzling Flash           Conj/Hex       50%        N/A       1%          3
 Scorch                   Fire           16%        2d6       3%          2
 Flame Wave               Conj/Fire      25%        3d6       4%          4
 Hailstorm                Conj/Ice       25%        3d7       4%          4
 Beastly Appendage        Tmut           22%        N/A       6%          1
 Petrify                  Tmut/Erth      31%        N/A       8%          4
 Wereblood                Tmut           11%        N/A       10%         2
 Leda's Liquefaction      Hex/Erth       14%        N/A       10%         4
 Slow                     Hex            8%         N/A       13%         2
 Spider Form              Tmut/Pois      4%         N/A       22%         3
 Call Canine Familiar     Summ           8%         N/A       26%         3
 Confusing Touch          Hex            8%         N/A       26%         3
 Portal Projectile        Hex/Tloc       16%        N/A       26%         3
 Yara's Violent Unravell  Hex/Tmut       4%         3d4       45%         5
 Ice Form                 Ice/Tmut       9%         N/A       58%         4
 Blade Hands              Tmut           5%         N/A       86%         5
 Agony                    Necr           8%         N/A       93%         5
 Excruciating Wounds      Necr           4%         N/A       93%         5
 Silence                  Hex/Air        4%         N/A       93%         5
 Simulacrum               Ice/Necr       4%         N/A       100%        6
 Summon Cactus Giant      Summ           4%         N/A       100%        6


Dungeon Overview and Level Annotations

Branches:
Dungeon (12/15)            Temple (1/1) D:7            Lair (0/6) D:9
    Orc (0/2) D:9

Altars:
Ashenzari
Cheibriados
Dithmenos
Elyvilon
Fedhas
Gozag
Hepliaklqana
Kikubaaqudgha
Makhleb
Nemelex Xobeh
Okawaru
Qazlal
Ru
Sif Muna
Trog
Uskayaw
Vehumet
Wu Jian
Xom
Yredelemnul
Zin
The Shining One
Beogh

Shops:
D:2 :*   D:3 !   D:4 *

Annotations:
D:9 1 runed translucent door, Banto's ghost, novice DsGl
D:12 Rupert


Innate Abilities, Weirdness & Mutations

You are immune to sickness and miasma.
Your stone body is resilient. (AC +8)
You are immune to poison.
You resist negative energy. (rN+)
You are resistant to electric shocks. (rElec)
You are resistant to unholy torment.
You are immune to petrification.
You are partially covered in iridescent scales. (AC +2)
You are weak. (Str -2)
Your movements are slightly less encumbered by armour. (ER -2)


Message History

Confirm with . or Enter, or press ? or * to list all spells.
You don't know that spell.
Unknown command.
Casting: Stone Arrow (safe; 1% risk of failure)
Confirm with . or Enter, or press ? or * to list all spells.
Aiming: Stone Arrow (safe; 1% risk of failure)
Press: ? - help, Shift-Dir - straight line, f/p - Rupert
Aim: Rupert the yellow draconian, wielding a +1 great mace of protection (moderately wounded, fast, catching its breath, 76% to hit)
The stone arrow misses Rupert.
Rupert hits you with a +1 great mace of protection!
* * * LOW HITPOINT WARNING * * *
Casting: Stone Arrow (safe; 1% risk of failure)
Confirm with . or Enter, or press ? or * to list all spells.
Aiming: Stone Arrow (safe; 1% risk of failure)
Press: ? - help, Shift-Dir - straight line, f/p - Rupert
Aim: Rupert the yellow draconian, wielding a +1 great mace of protection (moderately wounded, fast, catching its breath, 76% to hit)
The stone arrow hits Rupert!
Rupert is moderately wounded.
Rupert closely misses you.
Rupert hits you with a +1 great mace of protection.
* * * LOW HITPOINT WARNING * * *
Casting: Stone Arrow (safe; 1% risk of failure)
Confirm with . or Enter, or press ? or * to list all spells.
You don't have enough magic to cast this spell.
Casting: Stone Arrow (safe; 1% risk of failure)
Confirm with . or Enter, or press ? or * to list all spells.
Okay, then.
Okay, then.
Unknown command.
You feel much better. Rupert spits acid at you. The glob of acid hits you!
* * * LOW HITPOINT WARNING * * *
Unknown command.
A red film seems to cover your vision as you go berserk!
You feel yourself moving faster!
You feel mighty!
Rupert hits you with a +1 great mace of protection!
* * * LOW HITPOINT WARNING * * *
Rupert hits you with a +1 great mace of protection!!
You die...

.... ...##.# #.#
###.##)# #####
#.##.####...#
#.........#.#
####.####...# #.# ##.##
#.#####.###
...#####.........#######
......d@..####.#........
.########.# #.##.######
.# #.##.# ## ####.# #.#
..# ###


You could see Rupert the yellow draconian (fast, catching breath).

Vanquished Creatures
  A boulder beetle (D:11)
  A hydra (D:11)
  A death knight (D:10)
  3 two-headed ogres (D:10)
  Pikel (D:5)
  A phantasmal warrior (D:10)
  A deep elf pyromancer (D:12)
  A cyclops (D:11)
  7 centaur zombies
  5 gargoyles
  A komodo dragon (D:11)
  2 trolls
  A hornet (D:8)
  15 slime creatures
  A wyvern (D:9)
  2 shadows
  14 yaks
  7 wraiths
  A steam dragon (D:8)
  An acid dragon (D:10)
  A water moccasin (D:6)
  5 orc warriors
  An ice beast (D:5)
  4 black bears
  4 necrophages
  2 ogres
  9 centaurs
  A boggart (D:7)
  A wolf (D:9)
  A lemure (D:5)
  A wyvern zombie (D:7)
  A kobold brigand (D:10)
  6 bullfrogs
  2 gnoll sergeants
  2 scorpions (D:9)
  A vampire bat (D:3)
  9 wights
  3 howler monkeys
  4 hounds
  5 orc priests
  2 centaur skeletons
  A bullfrog skeleton (D:7)
  4 iguanas
  6 orc wizards
  Terence (D:2)
  A hound zombie (D:5)
  A hound skeleton (D:4)
  3 mummies
  3 howler monkey zombies (D:7)
  A howler monkey skeleton (D:4)
  6 adders
  11 gnolls
  A white imp (D:6)
  2 ufetubi
  An adder skeleton (D:4)
  A worm (D:2)
  A dart slug (D:2)
  3 fire bats (D:3)
  29 orcs
  2 spectral bats (D:3)
  15 bats
  3 bat skeletons (D:3)
  A bat zombie (D:3)
  9 endoplasms
  4 giant cockroaches
  8 goblins
  9 hobgoblins
  12 jackals
  7 quokkas
  8 ball pythons
  A bat simulacrum (D:3)
  13 frilled lizards
  17 kobolds
  2 rats
319 creatures vanquished.

Vanquished Creatures (others)
  15 fungi (D:9)
  30 plants
  A withered plant (D:7)
46 creatures vanquished.

Grand Total: 365 creatures vanquished

Notes
Turn   | Place    | Note
-------+----------+-------------------------------------------
     0 | D:1      | jbcfe the Gargoyle Earth Elementalist began the quest for
                  | the Orb.
     0 | D:1      | Reached XP level 1. HP: 10/10 MP: 3/3
   249 | D:1      | Reached XP level 2. HP: 15/15 MP: 5/5
   254 | D:1      | Reached skill level 4 in Earth Magic
   658 | D:1      | You fall into a shaft and drop 1 floor!
   687 | D:2      | Reached XP level 3. HP: 4/19 MP: 0/6
   938 | D:2      | Found Pucaxoj's Book Boutique.
  1456 | D:2      | Reached XP level 4. HP: 22/24 MP: 1/8
  1460 | D:2      | Learned a level 3 spell: Stone Arrow
  1535 | D:2      | Reached skill level 5 in Earth Magic
  1742 | D:2      | Reached skill level 1 in Conjurations
  2197 | D:2      | Reached XP level 5. HP: 23/28 MP: 10/10
  2218 | D:2      | Noticed Terence
  2223 | D:2      | Killed Terence
  2387 | D:2      | Found Ymuiczoa's General Store.
  2391 | D:2      | Bought a potion of curing for 39 gold pieces
  2391 | D:2      | Bought a potion of curing for 39 gold pieces
  3189 | D:3      | Found Ymme's Distillery.
  3244 | D:3      | Found a faded altar of an unknown god.
  3552 | D:3      | Reached XP level 6. HP: 30/32 MP: 11/11
  3811 | D:3      | Reached skill level 6 in Earth Magic
  4374 | D:4      | Noticed a black bear
  4379 | D:4      | Killed a black bear
  4380 | D:4      | Reached XP level 7. HP: 36/36 MP: 9/13
  5042 | D:4      | Found a white marble altar of Elyvilon.
  5270 | D:4      | Found Vusicug's General Store.
  5274 | D:4      | Bought a scroll of identify for 20 gold pieces
  5696 | D:4      | Found a sacrificial altar of Ru.
  5726 | D:5      | Entered Level 5 of the Dungeon
  5786 | D:5      | Found a broken altar of Ashenzari.
  5812 | D:5      | Found a burning altar of Makhleb.
  5859 | D:5      | Reached skill level 1 in Fighting
  5859 | D:5      | Reached skill level 1 in Maces & Flails
  5859 | D:5      | Reached skill level 7 in Earth Magic
  5861 | D:5      | Reached skill level 1 in Armour
  5861 | D:5      | Reached skill level 5 in Spellcasting
  5861 | D:5      | Reached XP level 8. HP: 24/43 MP: 9/15
  6018 | D:5      | Reached skill level 1 in Evocations
  6107 | D:5      | Noticed Pikel
  6117 | D:5      | Killed Pikel
  6118 | D:5      | Reached skill level 5 in Conjurations
  6118 | D:5      | Reached XP level 9. HP: 18/49 MP: 3/17
  8315 | D:7      | Reached skill level 8 in Earth Magic
  8527 | D:7      | Found a staircase to the Ecumenical Temple.
  8542 | Temple   | Entered the Ecumenical Temple
  8551 | Temple   | Became a worshipper of Vehumet
  9155 | D:7      | Reached XP level 10. HP: 54/56 MP: 15/19
 10079 | D:8      | Reached * piety under Vehumet
 10079 | D:8      | Offered knowledge of Magic Dart by Vehumet.
 10276 | D:8      | Found a shadowy altar of Dithmenos.
 10438 | D:8      | Found an ornate altar of the Wu Jian Council.
 10442 | D:8      | Found a basalt altar of Yredelemnul.
 11363 | D:9      | Found a runed translucent door.
 11405 | D:9      | Reached skill level 5 in Armour
 11461 | D:9      | Found a bloodstained altar of Trog.
 11484 | D:9      | Found an ancient bone altar of Kikubaaqudgha.
 11553 | D:9      | Reached skill level 5 in Fighting
 11757 | D:9      | Reached skill level 9 in Earth Magic
 11969 | D:9      | Reached XP level 11. HP: 59/64 MP: 21/21
 11977 | D:9      | Reached skill level 5 in Maces & Flails
 12247 | D:9      | Found a staircase to the Orcish Mines.
 12257 | D:9      | Reached ** piety under Vehumet
 12468 | D:9      | Offered knowledge of Poisonous Vapours by Vehumet.
 12502 | D:9      | Found a staircase to the Lair.
 12863 | D:9      | Found a shimmering altar of Xom.
 12863 | D:9      | Noticed a +1 trident of chaos
 12863 | D:9      | Noticed Banto's ghost (novice DsGl)
 12941 | D:10     | Entered Level 10 of the Dungeon
 12944 | D:10     | Noticed a two-headed ogre
 12949 | D:10     | Killed a two-headed ogre
 13162 | D:10     | Found an iron altar of Okawaru.
 13162 | D:10     | Found a shimmering altar of Xom.
 13719 | D:10     | Noticed a two-headed ogre
 13724 | D:10     | Killed a two-headed ogre
 13725 | D:10     | Reached skill level 5 in Dodging
 13725 | D:10     | Reached skill level 5 in Evocations
 14027 | D:10     | Noticed a two-headed ogre
 14031 | D:10     | Killed a two-headed ogre
 14451 | D:11     | Noticed a cyclops
 14451 | D:11     | Noticed a death knight
 14451 | D:11     | Noticed a phantasmal warrior
 14471 | D:10     | Offered knowledge of Mephitic Cloud by Vehumet.
 14477 | D:10     | Killed a death knight
 14715 | D:10     | Killed a phantasmal warrior
 14716 | D:10     | Reached XP level 12. HP: 7/71 MP: 16/23
 15023 | D:11     | Reached skill level 10 in Earth Magic
 15140 | D:11     | Noticed a seven-headed hydra
 15146 | D:11     | Killed a seven-headed hydra
 15397 | D:11     | Noticed a boulder beetle
 15415 | D:11     | Killed a boulder beetle
 16217 | D:12     | Gained mutation: Your movements are slightly less
                  | encumbered by armour. (ER -2) [potion of mutation]
 16217 | D:12     | Gained mutation: You are partially covered in iridescent
                  | scales. (AC +2) [potion of mutation]
 16217 | D:12     | Gained mutation: You are weak. (Str -2) [potion of
                  | mutation]
 16369 | D:12     | Reached *** piety under Vehumet
 17000 | D:12     | Found a transporter.
 17001 | D:12     | Found a transporter.
 17001 | D:12     | Noticed a boulder beetle
 17709 | D:12     | Noticed Rupert
 17714 | D:12     | Paralysed by Rupert for 4 turns
 17719 | D:12     | Noticed Rupert
 17719 | D:12     | Rupert changed into Rupert the yellow draconian
 17730 | D:12     | Mangled by Rupert the yellow draconian

Illustrated notes

Levels and vault maps discovered:
D:1:      minmay_arrival_open_corners, layout_loops_cross
D:2:      wad_river_or_something, layout_rooms, serial_shops,
          nicolae_shop_behind_doors, shop_statue, minmay_lizard_king,
          uniq_terence
D:3:      layout_loops_ring, serial_shops, shop, basic_ecumenical_altar,
          grunt_ministairs_1, goddamned_bats
D:4:      layout_gridville, nicolae_elyvilon_temple_path,
          mainiacjoe_overflow_alcove_2, serial_shops, shop
D:5:      layout_basic, makhleb_heckhound_becter, mainiacjoe_overflow_chevrons,
          serial_bayou_ford_a, kennysheep_pointless_box, uniq_pikel
D:6:      layout_gridville
D:7:      layout_rooms, minmay_temple_entry_wispy, serial_undead,
          serial_undead_a, serial_undead_d, serial_undead_d, serial_undead_d,
          serial_undead_a, serial_undead_d, serial_undead_b, serial_undead_a
D:8:      layout_loops_ring, mainiacjoe_overflow_catwalk, minitemple,
          kennysheep_boxes
D:9:      layout_rooms, trog_book, lemuel_doored_altar,
          grunt_lair_entry_orc_guard_hut, minmay_orc_entry_temple_small,
          ebering_ghost_xom
D:10:     layout_stronghold, gammafunk_temple_overflow_elements
D:11:     layout_cave_pools
D:12:     gammafunk_boulding_lane, layout_loops_ring,
          amcnicky_mini_corridor_feature, uniq_rupert
Temple:   minmay_freezing_vapour_temple

Skill      XL: |  1  2  3  4  5  6  7  8  9 10 11 12 |
---------------+-------------------------------------+-----
Earth Magic    | 4 5 6 7 8 9 10 | 10.7
Spellcasting   | 3 4 5 6 7 8 |  8.1
Conjurations   | 1 2 3 4 5 6 7 8 |  8.8
Fighting       | 1 2 4 5 6 7 |  7.6
Maces & Flails | 1 2 3 4 6 7 |  7.0
Armour         | 1 2 4 5 6 |  6.0
Dodging        | 2 3 4 5 6 |  6.0
Evocations     | 2 3 4 5 6 |  6.2
Stealth        | |  2.1
Transmutations | |  0.7

Action                   |  1- 3 |  4- 6 |  7- 9 | 10-12 || total
-------------------------+-------+-------+-------+-------++-------
Melee: Dagger            |    66 |    84 |       |       ||   150
       Short sword       |       |   131 |   152 |    66 ||   349
       Rapier            |       |       |       |   113 ||   113
 Cast: Sandblast         |    41 |    50 |    90 |    55 ||   236
       Stone Arrow       |       |     1 |    20 |   229 ||   250
Evoke: Wand              |       |       |     5 |    27 ||    32
  Use: Scroll            |       |     7 |     5 |     5 ||    17
       Potion            |       |       |       |     6 ||     6
 Stab: Sleeping          |       |     5 |       |       ||     5
       Distracted        |       |     1 |       |       ||     1
       Paralysed         |       |       |       |     5 ||     5
Armor: Robe              |    39 |   118 |   111 |   178 ||   446
Dodge: Dodged            |    53 |   175 |   203 |   276 ||   707

Table legend: (Time is in decaauts)
 A = Elapsed time spent in this place.
 B = Non-inter-level travel time spent in this place.
 C = Inter-level travel time spent in this place.
 D = Time resting spent in this place.
 E = Time spent auto-exploring this place.
 F = Levels seen in this place.
 G = Mean time per level.
                   A        B        C        D        E       F      G
               +--------+--------+--------+--------+--------+-----+--------+
         Total |  17819 |  17346 |    473 |   2352 |  12278 |  13 | 1370.7 |
       Dungeon |  17034 |  16568 |    466 |   1644 |  12278 |  12 | 1419.5 |
        Temple |    785 |    778 |      7 |    708 |      0 |   1 |  785.0 |
               +--------+--------+--------+--------+--------+-----+--------+

Top non-repeatable levels by time:
    D:10: 1990 daAuts
     D:3: 1791 daAuts
     D:9: 1766 daAuts
     D:5: 1665 daAuts
    D:12: 1517 daAuts
     D:4: 1432 daAuts
     D:2: 1382 daAuts
    D:11: 1298 daAuts
     D:8: 1194 daAuts
     D:1: 1145 daAuts
     D:7: 1003 daAuts
     D:6: 846 daAuts
  Temple: 785 daAuts
